 Dungeon Crawl Stone Soup version 0.29.1-1-gd02db6906a (webtiles) character file.

Game seed: 17405587815833899737

142 RogueRain17 the Ruffian (level 5, 39/39 HPs)
             Began as a Demonspawn Gladiator on Sept 16, 2022.
             Got out of the dungeon alive.
             The game lasted 00:03:46 (2638 turns).

RogueRain17 the Ruffian (Demonspawn Gladiator)      Turns: 2638, Time: 00:03:46

Health: 39/39      AC:  5    Str: 16    XL:     5   Next: 4%
Magic:  5/5        EV: 12    Int: 10    God:
Gold:   127        SH:  0    Dex: 14    Spells: 4/4 levels left

rFire   . . .      SeeInvis .     - Unarmed
rCold   . . .      Faith    .   (no shield)
rNeg    . . .      Spirit   .   a - +0 leather armour
rPois   .          Reflect  .   (helmet restricted)
rElec   .          Harm     .   (no cloak)
rCorr   .          Rampage  .   (no gloves)
Will    .....                   i - +0 pair of boots
Stlth   +.........              (no amulet)
HPRegen 0.13/turn               (no ring)
MPRegen 0.09/turn               (no ring)

@: no status effects
A: antennae 1, rugged brown scales 1, foul stench 1, spiny 1
a: no special abilities


You escaped.
You visited 1 branch of the dungeon, and saw 3 of its levels.

You collected 127 gold pieces.

Inventory:

Hand Weapons
 m - a +2 dagger of pain
 o - the +4 dagger "Dax Kele" {vorpal, Int+3}
   (You found it on level 3 of the Dungeon)

   It inflicts extra damage upon your enemies.
   Int:       It affects your intelligence (+3).
Missiles
 c - 3 throwing nets (quivered)
 d - a javelin
Armour
 a - a +0 leather armour (worn)
 b - a +0 helmet
 i - a +0 pair of boots (worn)
Jewellery
 e - an amulet of guardian spirit
 h - a ring of magical power
Scrolls
 f - 6 scrolls of identify {unknown}
 k - 2 scrolls of magic mapping {unknown}
 n - a scroll of summoning {unknown}
Potions
 g - a potion of invisibility {unknown}
 j - a potion of curing {unknown}
 l - a potion of magic {unknown}
 p - a potion of degeneration {unknown}


   Skills:
 - Level 2.0 Fighting
 + Level 1.8 Throwing
 + Level 1.3 Armour
 + Level 3.2 Dodging
 + Level 0.5 Stealth
 * Level 4.4 Unarmed Combat


You had 4 spell levels left.
You didn't know any spells.
Your spell library contained the following spells:

 Spells                   Type           Power      Damage    Failure   Level
 Beastly Appendage        Tmut           0%         N/A       43%         1
 Wereblood                Tmut           0%         N/A       56%         2
 Spider Form              Tmut/Pois      0%         N/A       80%         3


Dungeon Overview and Level Annotations

Branches:
Dungeon (3/15)

Altars:


Innate Abilities, Weirdness & Mutations

You have a pair of small antennae on your head.
You are partially covered in rugged brown scales. (AC +1, +3% HP)
You may rarely emit foul miasma when damaged in melee.
You are partially covered in sharp spines.


Message History

Your +0 helmet falls away!
You see here a sky beast corpse.
There is a stone staircase leading down here.
You start resting.
HP restored.
You climb downwards.
The hobgoblin hits you.
There is a stone staircase leading up here.
You punch the hobgoblin!
You kill the hobgoblin!
Found a scroll labelled WAROTE TOILU.
You see here the +4 dagger "Dax Kele" {vorpal, Int+3}.
o - the +4 dagger "Dax Kele" {vorpal, Int+3}
p - a golden potion
f - 6 scrolls labelled WAROTE TOILU (gained 1)
Found 5 stones.
A hobgoblin comes into view.
(D) Dungeon
Where to? (Enter - D:2 @ (x,y), ? - help)
Okay, then.
There are no items here.
(D) Dungeon
Where to? (Enter - D:2 @ (x,y), ? - help)
Okay, then.
(D) Dungeon
Where to? (Enter - D:2 @ (x,y), ? - help)
What level of the Dungeon? (default 1, ? - help)
A hobgoblin comes into view.
The hobgoblin shouts!
There is a stone staircase leading up here.
You climb upwards.
There is a stone staircase leading down here.
(D) Dungeon
Where to? (Enter - D:1, ? - help)
There is a stone staircase leading up here.
You climb upwards.
There is a stone staircase leading down here.
There is an open door here.
There is a staircase leading out of the dungeon here.
Are you sure you want to leave the Dungeon?
This will make you lose the game!
You have escaped!

.##....####.########.######.#..##
.##....#.................##.#..##
###....#.#######'#######.##.#...#
####.#.#.............#.##.##..#
#.#.#.###########.#.##.###..
#.#.#.#.........#.#.##.###..
######.#.#.#.###.###.#.#.##.##..#
.#.....#.#.#.#.....#.#.#.#..#...#
.#.###..[#...#..@..#...#.......##
##.# #.#.#.#.#.....#.#.#.###...##
...# #.#.#.#.#######.#.#.# #..##.
######.#.#.#.........#.#.# #..##.
.......#.#.###########.#.# #..#..
..####.#.#.............#.# #..#..
#..###.#.#######'#######.# #....#
...)...#.................# #.....
####...#####.########.#### ######


There were no monsters in sight!

Vanquished Creatures
  A sky beast (D:2)
  2 worms (D:2)
  3 bats (D:2)
  2 endoplasms
  2 giant cockroaches
  6 goblins
  5 hobgoblins
  5 jackals (D:1)
  A quokka (D:2)
  8 ball pythons
  A frilled lizard (D:2)
  2 kobolds (D:1)
  4 rats
42 creatures vanquished.

Notes
Turn   | Place    | Note
-------+----------+-------------------------------------------
     0 | D:1      | RogueRain17 the Demonspawn Gladiator began the quest for
                  | the Orb.
     0 | D:1      | Reached XP level 1. HP: 16/16 MP: 1/1
   180 | D:1      | Reached skill level 3 in Unarmed Combat
   184 | D:1      | Gained mutation: You are partially covered in sharp spines.
                  | [demonic ancestry]
   184 | D:1      | Reached XP level 2. HP: 1/22 MP: 2/2
   957 | D:1      | Gained mutation: You may rarely emit foul miasma when
                  | damaged in melee. [demonic ancestry]
   957 | D:1      | Reached XP level 3. HP: 27/27 MP: 3/3
  1434 | D:2      | Found a faded altar of an unknown god.
  2418 | D:3      | Noticed a sky beast
  2433 | D:2      | Killed a sky beast
  2434 | D:2      | Reached skill level 1 in Armour
  2434 | D:2      | Reached skill level 4 in Unarmed Combat
  2434 | D:2      | Gained mutation: You are partially covered in rugged brown
                  | scales. (AC +1, +3% HP) [demonic ancestry]
  2434 | D:2      | Reached XP level 4. HP: 21/33 MP: 4/4
  2434 | D:2      | Gained mutation: You have a pair of small antennae on your
                  | head. [demonic ancestry]
  2434 | D:2      | Reached XP level 5. HP: 25/39 MP: 5/5
  2545 | D:3      | Identified the +4 dagger "Dax Kele" {vorpal, Int+3}
  2638 | D:$      | Got out of the dungeon alive.

Illustrated notes

Levels and vault maps discovered:
D:1:      matt_arrival_refuge, layout_basic, grunt_decor_junction,
          minmay_misc_feat_x, hex_large
D:2:      layout_loops_corners, nicolae_ecumenical_lake_church,
          minmay_pentomino_w2
D:3:      layout_basic

Skill      XL: |  1  2  3 |
---------------+----------+-----
Unarmed Combat | 3 4 |  4.4
Dodging        | 3 |  3.2
Armour         | 1 |  1.3
Fighting       | |  2.0
Throwing       | |  1.8
Stealth        | |  0.5

Action                   |  1- 3 |  4- 6 || total
-------------------------+-------+-------++-------
Melee: Unarmed           |   107 |     1 ||   108
       Punch             |     4 |       ||     4
 Stab: Sleeping          |     1 |       ||     1
Armor: Leather armour    |    36 |       ||    36
Dodge: Dodged            |    66 |       ||    66
